 Dungeon Crawl Stone Soup version 0.16.1-51-g6203257 (webtiles) character file.

42 Ignatius881 the Gusty (level 3, 0/21 HPs)
             Began as a High Elf Air Elementalist on July 7, 2015.
             Slain by Sigmund
             ... wielding a +0 scythe
              (2 damage)
             ... on level 2 of the Dungeon.
             The game lasted 00:04:05 (1517 turns).

Ignatius881 the Gusty (High Elf Air Elementalist)   Turns: 1517, Time: 00:04:05

Health: 0/21       AC:  2    Str:  7    XL:     3   Next: 33%
Magic:  1/8        EV: 12    Int: 20    God:
Gold:   40         SH:  0    Dex: 15    Spells: 3 memorised, 0 levels left

rFire  . . .     SeeInvis .     g - +0 club
rCold  . . .     Clarity  .     a - +0 robe
rNeg   . . .     SustAb   .     (no shield)
rPois  .         Gourm    .     (no helmet)
rElec  .         Spirit   .     (no cloak)
rCorr  .         Warding  .     (no gloves)
rMut   .         Stasis   .     (no boots)
MR     .....                    (no amulet)
Stlth  +.........               (no ring)
                                (no ring)

@: confused, very slightly contaminated, not resistant to hostile enchantments,
very unstealthy
A: no striking features
a: no special abilities


You were on level 2 of the Dungeon.
You were not hungry.

You visited 1 branch of the dungeon, and saw 2 of its levels.

You collected 40 gold pieces.

Inventory:

Hand weapons
 g - a +0 club (weapon)
Armour
 a - a +0 robe (worn)
Jewellery
 e - a +2 ring of intelligence {unknown}
 n - a cursed ring of teleportation {unknown}
Scrolls
 i - a scroll of amnesia {unknown}
 k - 2 scrolls of identify {unknown}
 m - a scroll of remove curse {unknown}
Potions
 f - a potion of haste {unknown}
 j - 2 potions of agility {unknown}
Books
 b - a book of Air

   Spells                             Type                      Level
   a - Shock                          Conjuration/Air              1
   b - Swiftness                      Charms/Air                   2
   c - Repel Missiles                 Charms/Air                   2
   d - Flight                         Charms/Air                   3
   e - Static Discharge               Conjuration/Air              3
   f - Lightning Bolt                 Conjuration/Air              5
Comestibles
 c - 2 bread rations
 d - a meat ration
 l - a slice of pizza


   Skills:
 - Level 2.1 Dodging
 - Level 2.1 Stealth
 - Level 2.4 Spellcasting
 + Level 3.6 Conjurations
 - Level 3.6 Air Magic


You couldn't memorise any spells.
You knew the following spells:

 Your Spells              Type           Power        Failure   Level  Hunger
a - Shock                 Conj/Air       ###.         3%          1    #......
b - Static Discharge      Conj/Air       ###.....     12%         3    ###....
c - Swiftness             Chrm/Air       #.......     14%         2    ##.....


Dungeon Overview and Level Annotations

Branches:
Dungeon (2/15)

Altars:

Annotations:
D:2 Sigmund


Message History

* * * LOW HITPOINT WARNING * * *
The giant mite bites you.
* * * LOW HITPOINT WARNING * * *
You hit the giant mite but do no damage.
The giant mite is heavily wounded.
The giant mite closely misses you. Something barely misses you.
The giant mite barely misses you.
You hit the giant mite.
The giant mite is severely wounded.
You hear some strange, mumbled words.
A puff of flame appears from out of thin air!
The puff of flame hits the giant mite.
The giant mite dies!
You hear some strange, mumbled words.
You are confused.
You see here a giant mite corpse.
You're too confused to move!
Something hits you but does no damage.
You see here a giant mite corpse.
You bump into the rock wall.
Something hits you.
You die...

... #....
###.)..
....... #....#
#....# #$...#
#...{#########
#...)@....<..#
##...#######.#
##..# # #..#
#.## #. #. #.
.


There were no monsters in sight!

Vanquished Creatures
  An adder (D:2)
  3 giant geckos (D:1)
  2 giant cockroaches (D:1)
  3 goblins
  5 hobgoblins (D:1)
  A ball python (D:2)
  6 bats (D:1)
  A giant newt (D:1)
  2 kobolds (D:1)
  4 rats (D:1)
28 creatures vanquished.

Vanquished Creatures (others)
  A giant mite (D:2)
  A rat (D:1)
2 creatures vanquished.

Grand Total: 30 creatures vanquished

Notes
Turn   | Place    | Note
--------------------------------------------------------------
     0 | D:1      | Ignatius881, the High Elf Air Elementalist, began the quest for the Orb.
     0 | D:1      | Reached XP level 1. HP: 11/11 MP: 4/4
   511 | D:1      | Reached XP level 2. HP: 17/17 MP: 1/6
  1440 | D:2      | Reached XP level 3. HP: 21/21 MP: 5/8
  1489 | D:2      | Learned a level 3 spell: Static Discharge
  1492 | D:2      | Learned a level 2 spell: Swiftness
  1497 | D:2      | Noticed Sigmund
  1517 | D:2      | Slain by Sigmund

Action                   || total
-------------------------++-------
Melee: Club              ||    15
 Cast: Shock             ||    65
  Eat: Chunk             ||     2
